 Dungeon Crawl Stone Soup version 0.29.1-15-g9cfb28693d (webtiles) character file.

Game seed: 6358854475450061266

95536 wingedge the Marksdemigod (level 15, -1/138 HPs)
             Began as a Demigod Wanderer on Apr 21, 2023.
             Slain by a skeletal warrior
             ... wielding a +2 short sword of freezing
              (7 damage)
             ... on level 14 of the Dungeon on Apr 23, 2023.
             The game lasted 02:20:16 (28843 turns).

wingedge the Marksdemigod (Demigod Wanderer)       Turns: 28843, Time: 02:20:16

Health: -1/138     AC: 26    Str: 23    XL:     15   Next: 23%
Magic:  0/21       EV: 18    Int: 16    God:
Gold:   371        SH:  0    Dex: 27    Spells: 18/18 levels left

rFire   . . .      SeeInvis .   p - +4 broad axe (protect)
rCold   . . .      Faith    .   (no shield)
rNeg    . . .      Spirit   +   A - +1 ring mail {Will+}
rPois   +          Reflect  .   C - +1 helmet {Int+3}
rElec   +          Harm     .   Z - scarf {repulsion}
rCorr   .          Rampage  .   V - +2 pair of gloves
Will    +++..                   j - +1 pair of boots
Stlth   +++.......              f - amulet "Bitaasy" {Spirit rElec rPois Int+3}
HPRegen 0.33/turn               r - ring of willpower
MPRegen 0.17/turn               v - +4 ring of protection

@: under a protective aura, studying Shields, repel missiles
A: high MP 1, forlorn, divine attributes
a: no special abilities


You were on level 14 of the Dungeon.
You visited 4 branches of the dungeon, and saw 23 of its levels.
You visited 1 bazaar.
You also visited: Bailey.

You collected 2894 gold pieces.
You spent 2523 gold pieces at shops.

Inventory:

Hand Weapons
 a - a +8 arbalest of freezing
 b - the +1 arbalest "Weasadae" {penet, Dex+8}
   (You found it on level 5 of the Lair of Beasts)

   Any ammunition fired by it passes through the targets it hits, potentially
   hitting all targets in its path until it reaches maximum range.
   Dex:       It affects your dexterity (+8).
 d - the +8 battleaxe of Traps {drain, Stlth+}
   (You bought it in a shop in a bazaar)

   A truly terrible weapon, it drains the life of any living foe it strikes.
   Stlth:     It makes you more stealthy.
 o - the +7 Singing Sword {vorpal, sonic wave}
   (You bought it in a shop on level 2 of the Orcish Mines)

   It inflicts extra damage upon your enemies.
   It radiates damaging sonic waves as it strikes, especially in combat
   involving dangerous or numerous foes.
 p - a +4 broad axe of protection (weapon)
Missiles
 J - a throwing net
 R - a curare-tipped dart
Armour
 j - a +1 pair of boots (worn)
 w - +1 acid dragon scales
 y - a +2 cloak of stealth
 A - a +1 ring mail of willpower (worn)
 C - a +1 helmet of intelligence (worn)
 K - a scarf of invisibility
 V - a +2 pair of gloves (worn)
 Z - a scarf of repulsion (worn)
Jewellery
 c - a +6 ring of dexterity
 f - the amulet "Bitaasy" (around neck) {Spirit rElec rPois Int+3}
   (You found it on level 5 of the Lair of Beasts)

   [amulet of guardian spirit]

   It causes incoming damage to be divided between your reserves of health and
   magic.
   Int:       It affects your intelligence (+3).
   rElec:     It insulates you from electricity.
   rPois:     It protects you from poison.
 r - a ring of willpower (left hand)
 v - a +4 ring of protection (right hand)
 E - a ring of protection from fire
 I - a ring of see invisible
 L - a ring of ice
Wands
 h - a wand of mindburst (10)
 k - a wand of flame (2)
 D - a wand of polymorph (26) (quivered)
 M - a wand of iceblast (9)
 N - a wand of charming (7)
 W - a wand of acid (1)
Scrolls
 i - 3 scrolls of immolation
 l - 4 scrolls of blinking
 t - 6 scrolls of teleportation
 z - a scroll of fear
 F - 5 scrolls of fog
 G - a scroll of poison
 P - 3 scrolls of magic mapping
 Q - a scroll of silence
 T - 3 scrolls of vulnerability
 X - a scroll of summoning
Potions
 e - a potion of ambrosia
 g - 3 potions of haste
 m - a potion of invisibility
 n - 6 potions of mutation
 q - 2 potions of might {unknown}
 s - 3 potions of flight
 x - 3 potions of cancellation
 B - 4 potions of heal wounds
 O - 5 potions of curing
 Y - 3 potions of resistance
Miscellaneous
 S - a condenser vane


   Skills:
 - Level 14.0 Fighting
 - Level 3.0(4.2) Short Blades
 * Level 4.7(5.1) Long Blades
 - Level 7.0 Axes
 * Level 17.4 Ranged Weapons
 - Level 3.0 Throwing
 + Level 7.9 Armour
 + Level 7.7 Dodging
 - Level 6.0 Stealth
 - Level 2.0 Spellcasting
 - Level 5.0 Evocations


You had 18 spell levels left.
You didn't know any spells.
Your spell library contained the following spells:

 Spells                   Type           Power      Damage    Failure   Level
 Magic Dart               Conj           4%         1d3       30%         1
 Shock                    Conj/Air       4%         1d3       30%         1
 Searing Ray              Conj           2%         2d4       41%         2
 Call Canine Familiar     Summ           1%         N/A       65%         3
 Confusing Touch          Hex            1%         N/A       65%         3
 Conjure Flame            Conj/Fire      1%         6-21      65%         3
 Gell's Gravitas          Tloc           1%         N/A       65%         3
 Ignite Poison            Fire/Tmut/Pois 1%         N/A       65%         3
 Lesser Beckoning         Tloc           1%         N/A       65%         3
 Ozocubu's Armour         Ice            1%         N/A       65%         3
 Portal Projectile        Hex/Tloc       2%         N/A       65%         3
 Swiftness                Air            1%         N/A       65%         3
 Teleport Other           Tloc           1%         N/A       65%         3
 Airstrike                Air            0%         2d(1-17)  96%         4
 Fulminant Prism          Conj/Hex       0%         3d6       96%         4
 Leda's Liquefaction      Hex/Erth       0%         N/A       96%         4
 Petrify                  Tmut/Erth      1%         N/A       96%         4
 Sticky Flame             Conj/Fire      1%         2d3       96%         4
 Metabolic Englaciation   Hex/Ice        0%         N/A       100%        5
 Yara's Violent Unravell  Hex/Tmut       0%         3d3       100%        5
 Dispersal                Tloc           0%         N/A       100%        6
 Simulacrum               Ice/Necr       0%         N/A       100%        6
 Statue Form              Tmut/Erth      0%         N/A       100%        6
 Enfeeble                 Hex            0%         N/A       100%        7


Dungeon Overview and Level Annotations

Branches:
Dungeon (15/15)            Temple (1/1) D:7            Lair (5/5) D:11
 Shoals (0/4) Lair:3       Spider (0/4) Lair:3        Slime (0/5) Lair:4
    Orc (2/2) D:12            Elf (0/3) Orc:2        Vaults (0/5) D:14
 Bailey (visited)
 Depths: D:15

Shops:
D:3 [   D:7 =*(?   Orc:2 (=([(

Portals:
Abyss: Lair:5

Annotations:
D:8 3 transporters
D:13 2 transporters


Innate Abilities, Weirdness & Mutations

You have an increased reservoir of magic. (+10% MP)
You shall have no god before yourself.
Your divine heritage dramatically boosts your attributes as you level up.


Message History

The skeletal warrior hits you with a +2 short sword of freezing!
The skeletal warrior freezes you.
You barely miss the skeletal warrior.
You hit the skeletal warrior but do no damage. x2
The skeletal warrior hits you with a +0 flail!
The skeletal warrior misses you.
The skeletal warrior hits you with a +1 morningstar of protection!!
* * * LOW HITPOINT WARNING * * *
Your purple ugly thing barely misses the skeletal warrior.
Your purple ugly thing closely misses the skeletal warrior.
You swap places.
The skeletal warrior hits you but does no damage. x2
The skeletal warrior closely misses your purple ugly thing.
Your cyclops hits the skeletal warrior!
Your purple ugly thing pecks the skeletal warrior!!
Your purple ugly thing punches the skeletal warrior.
Your boulder beetle barely misses the skeletal warrior.
Your purple ugly thing barely misses the skeletal warrior.
Your purple ugly thing claws the skeletal warrior.
You see here a +0 dagger.
You swap places.
The skeletal warrior hits your purple ugly thing with a +0 flail!
The skeletal warrior hits you with a +2 short sword of freezing!
* * * LOW HITPOINT WARNING * * *
The skeletal warrior freezes you.
* * * LOW HITPOINT WARNING * * *
The skeletal warrior completely misses your purple ugly thing.
Your purple ugly thing pecks the skeletal warrior.
Your purple ugly thing punches the skeletal warrior but does no damage.
Your boulder beetle bites the skeletal warrior!
Your purple ugly thing claws the skeletal warrior!
Your cyclops hits the skeletal warrior!
Your purple ugly thing misses the skeletal warrior.
You hit the skeletal warrior.
The skeletal warrior is severely damaged.
The skeletal warrior hits your purple ugly thing with a +0 flail!
The skeletal warrior hits you with a +2 short sword of freezing!
* * * LOW HITPOINT WARNING * * *
The skeletal warrior freezes you!
You die...

....## ####.#...............#.
.....# ####.............###
.....# ######.#.......#.####
...>.# #....####.....#####..
.....########.....####...####.'.#
.....'.....##......####.####..###
.....#####..#...BuzC# #.......#
.....# ##.'...uzu.# ######'##
.....# ###...@uz.# ##..# #'####
#..[....# #..## ..# ####<..####
##.## ### ###...#...# #..# #
#.'.#.#.#.# #.## #####
#.#.#.#...# ##.####### ....#
#.#.#.#...#### #.....!... ....#
#.#.#.###.##.# #.........
..>.#####.#.#.##...#.# #.........


You could see 3 skeletal warriors, a friendly boulder beetle (summoned), 4
friendly ugly things and a friendly cyclops (summoned).

Vanquished Creatures
  Nessos (D:14)
  The ghost of viagra the Executioner, a journeyman MiBe of Trog (Lair:5)
  An ettin (Orc:1)
  Josephine (D:11)
  Fannar (D:12)
  A vault guard (D:14)
  6 hydras
  4 boulder beetles
  An ogre mage (D:15)
  8 two-headed ogres
  A death knight (D:13)
  6 centaur warriors
  An orc high priest (Orc:2)
  14 death yaks
  3 thrashing horrors (Lair:5)
  Nergalle (D:12)
  5 skeletal warriors
  4 wizards (D:14)
  3 orc knights
  A wolf spider (Lair:5)
  An oklob plant (Lair:1)
  2 necromancers (D:14)
  6 cyclopes
  5 orc sorcerers (Orc:2)
  A deep elf pyromancer (D:13)
  A moth of wrath (D:14)
  9 ugly things
  2 large abominations (Lair:5)
  A torpor snail (Lair:5)
  6 black mambas
  A merfolk siren (Lair:3)
  A gargoyle (D:12)
  2 smoke demons (Lair:5)
  12 cane toads
  3 unseen horrors
  Psyche (D:12)
  A demonic crawler (D:14)
  A kobold demonologist (D:12)
  4 rime drakes
  11 komodo dragons
  2 ancient zymes (Lair:5)
  A meliai (Lair:3)
  4 polar bears
  10 trolls
  A tyrant leech (D:14)
  Prince Ribbit (D:7)
  A polar bear (shapeshifter) (D:13)
  16 blink frogs
  3 dream sheep (Lair:5)
  2 slime creatures
  A spriggan (Lair:5)
  29 yaks
  A jumping spider (shapeshifter) (D:14)
  6 wraiths
  2 shadows
  A ynoxinul (Lair:5)
  Eustachio (D:6)
  A spriggan (shapeshifter) (Lair:5)
  A golden eye (D:5)
  6 wyverns
  A steam dragon (D:9)
  A wyvern (shapeshifter) (D:13)
  18 humans (D:14)
  5 basilisks
  2 chaos spawn (Lair:5)
  8 vampire mosquitoes
  Menkaure (D:6)
  5 swamp worms (D:14)
  A warg (Orc:1)
  3 acid dragons
  12 water moccasins
  2 black bears
  44 orc warriors
  A swamp drake (D:7)
  2 ice beasts (D:7)
  2 sky beasts
  4 ogres
  14 centaurs
  4 wolves (Lair:1)
  11 small abominations (Lair:5)
  12 bullfrogs
  11 kobold brigands
  2 gnoll sergeants
  2 scorpions
  A necrophage (D:7)
  4 wights
  30 killer bees
  A howler monkey (D:9)
  4 electric eels (D:6)
  3 jellies (Lair:4)
  28 orc priests
  Crazy Yiuf (D:3)
  8 hounds
  5 iguanas
  Jessica (D:3)
  A gnoll bouda (D:7)
  Natasha (thrice) (D:4)
  35 orc wizards
  5 hell rats (Lair:4)
  29 gnolls
  A white imp (D:7)
  An ufetubus (D:6)
  5 dart slugs
  118 orcs
  7 ball pythons
  2 bats
  3 endoplasms
  4 giant cockroaches
  9 goblins
  6 hobgoblins
  9 jackals (D:5)
  4 quokkas
  5 frilled lizards
  93 kobolds
  5 rats
824 creatures vanquished.

Vanquished Creatures (others)
  15 fungi
  13 plants
28 creatures vanquished.

Grand Total: 852 creatures vanquished

Notes
Turn   | Place    | Note
-------+----------+-------------------------------------------
     0 | D:1      | wingedge the Demigod Wanderer began the quest for the Orb.
     0 | D:1      | wingedge set off with the following items: a +2 short
                  | sword, a +0 hand axe, a +0 pair of boots, a scroll of
                  | teleportation, a +0 leather armour.
     0 | D:1      | Reached XP level 1. HP: 16/16 MP: 3/3
   457 | D:1      | Reached XP level 2. HP: 23/23 MP: 4/4
  1000 | D:2      | Reached XP level 3. HP: 28/30 MP: 5/5
  1686 | D:3      | Found Lunatoqi's Armour Emporium.
  1789 | D:3      | Noticed Jessica
  1793 | D:3      | Killed Jessica
  1794 | D:3      | Reached skill level 1 in Ranged Weapons
  1848 | D:3      | Bought a +0 ring mail of willpower for 132 gold pieces
  1924 | D:3      | Found a runed translucent door.
  1925 | D:3      | Noticed Crazy Yiuf
  2381 | D:4      | Reached skill level 2 in Ranged Weapons
  2381 | D:4      | Reached XP level 4. HP: 36/38 MP: 6/6
  2599 | D:4      | Noticed Natasha
  2620 | D:4      | Killed Natasha
  2621 | D:4      | Reached skill level 3 in Ranged Weapons
  2621 | D:4      | Reached XP level 5. HP: 29/45 MP: 7/7
  2819 | D:4      | Noticed Natasha
  2832 | D:4      | Killed Natasha
  3144 | D:4      | Noticed Natasha
  3162 | D:4      | Killed Natasha
  3491 | D:5      | Entered Level 5 of the Dungeon
  3818 | D:5      | Reached XP level 6. HP: 42/52 MP: 8/8
  4178 | D:5      | Reached skill level 4 in Ranged Weapons
  4303 | D:5      | Noticed a water moccasin
  4326 | D:5      | Killed a water moccasin
  4479 | D:5      | Reached XP level 7. HP: 55/59 MP: 9/9
  4992 | D:5      | Reached skill level 5 in Axes
  5774 | D:3      | Killed Crazy Yiuf
  5826 | D:6      | Noticed Eustachio
  5851 | D:6      | Killed Eustachio
  5852 | D:6      | Reached XP level 8. HP: 45/67 MP: 10/10
  5970 | D:6      | Reached skill level 5 in Fighting
  5970 | D:6      | Reached skill level 5 in Ranged Weapons
  7817 | D:6      | Noticed Menkaure
  7822 | D:6      | Killed Menkaure
  8243 | D:6      | Reached skill level 6 in Ranged Weapons
  8359 | D:6      | Reached skill level 1 in Throwing
  9193 | D:7      | Found Eheawnote's Weapon Shoppe.
  9217 | D:7      | Noticed Maggie
  9223 | D:7      | Noticed Maggie
  9223 | D:7      | Maggie changed into Maggie the swamp drake
  9240 | D:7      | Killed Maggie the swamp drake
  9241 | D:7      | Reached skill level 1 in Stealth
  9250 | D:7      | Reached XP level 9. HP: 70/79 MP: 11/11
  9383 | D:7      | Found Lobluter's Magic Scroll Shoppe.
  9469 | D:7      | Bought a scroll of blinking for 120 gold pieces
  9469 | D:7      | Bought a scroll of enchant weapon for 120 gold pieces
  9469 | D:7      | Bought a scroll of identify for 32 gold pieces
  9490 | D:7      | Found a staircase to the Ecumenical Temple.
  9499 | Temple   | Entered the Ecumenical Temple
  9567 | D:7      | Reached skill level 7 in Ranged Weapons
  9875 | D:7      | Found Comeig's Assorted Antiques.
  9875 | D:7      | Noticed Prince Ribbit
  9882 | D:7      | Killed Prince Ribbit
 10096 | D:7      | Found Nueplaim's Jewellery Emporium.
 10141 | D:7      | Reached skill level 8 in Ranged Weapons
 10251 | D:8      | Identified the +1 ring mail of Kleptomania {rF- rN+ Dex+4}
 10305 | D:8      | Found a transporter.
 10333 | D:8      | Found a transporter.
 10345 | D:8      | Found a transporter.
 10345 | D:8      | Found a transporter.
 10376 | D:8      | Found a transporter.
 10376 | D:8      | Found a transporter.
 10410 | D:8      | Reached skill level 9 in Ranged Weapons
 11248 | D:8      | Reached XP level 10. HP: 86/86 MP: 13/13
 11462 | D:8      | Reached skill level 10 in Ranged Weapons
 12427 | D:9      | Reached skill level 11 in Ranged Weapons
 12972 | D:10     | Entered Level 10 of the Dungeon
 13077 | D:10     | Reached skill level 10 in Fighting
 13241 | D:10     | Found a flagged portal.
 13252 | Bailey   | Entered a bailey
 13753 | Bailey   | Reached XP level 11. HP: 93/99 MP: 14/14
 14354 | Bailey   | Acquired a +0 arbalest of freezing
 14976 | D:7      | Bought a scroll of enchant weapon for 120 gold pieces
 14976 | D:7      | Bought 2 scrolls of identify for 64 gold pieces
 15091 | D:11     | Noticed Josephine
 15353 | D:11     | Killed Josephine
 15612 | D:11     | Noticed a death yak
 15612 | D:11     | Noticed a death yak
 15612 | D:11     | Noticed a death yak
 15622 | D:11     | Noticed a death yak
 15624 | D:11     | Noticed a death yak
 15624 | D:11     | Noticed a death yak
 15636 | D:11     | Reached skill level 12 in Ranged Weapons
 15909 | D:10     | Killed a death yak
 15971 | D:11     | Noticed a death yak
 15971 | D:11     | Noticed a death yak
 15995 | D:10     | Killed a death yak
 16247 | D:10     | Killed a death yak
 16367 | D:10     | Killed a death yak
 16467 | D:10     | Killed a death yak
 16582 | D:10     | Killed a death yak
 16692 | D:10     | Killed a death yak
 16831 | D:11     | Killed a death yak
 17172 | D:11     | Found a staircase to the Lair.
 17177 | D:11     | Reached skill level 13 in Ranged Weapons
 17265 | D:11     | Reached XP level 12. HP: 78/113 MP: 15/15
 17514 | Lair:1   | Entered Level 1 of the Lair of Beasts
 17914 | Lair:1   | Noticed a five-headed hydra
 17924 | Lair:1   | Killed a five-headed hydra
 17925 | Lair:1   | Reached skill level 14 in Ranged Weapons
 19411 | Lair:3   | Found a staircase to the Shoals.
 19502 | Lair:3   | Reached skill level 5 in Armour
 19792 | Lair:3   | Found a hole to the Spider Nest.
 20086 | Lair:4   | Reached XP level 13. HP: 107/123 MP: 16/16
 20649 | Lair:4   | Found a staircase to the Slime Pits.
 20829 | Lair:5   | Entered Level 5 of the Lair of Beasts
 21021 | Lair:5   | Found a transporter.
 21035 | Lair:5   | Noticed viagra's ghost (journeyman MiBe)
 21045 | Lair:5   | Reached skill level 15 in Ranged Weapons
 21075 | Lair:5   | Killed viagra's ghost
 21092 | Lair:5   | Found a transporter.
 21316 | Lair:5   | Identified the amulet "Bitaasy" {Spirit rElec rPois Int+3}
 21346 | Lair:5   | Reached skill level 5 in Dodging
 21467 | Lair:5   | Reached skill level 1 in Spellcasting
 21949 | Lair:5   | Found a one-way gate to the infinite horrors of the Abyss.
 21953 | Lair:5   | Identified the +1 arbalest "Weasadae" {penet, Dex+8}
 22474 | D:12     | Noticed Nergalle
 22474 | D:12     | Found a staircase to the Orcish Mines.
 22481 | D:12     | Killed Nergalle
 22482 | D:12     | Reached skill level 16 in Ranged Weapons
 22489 | D:12     | Reached XP level 14. HP: 119/132 MP: 20/20
 22679 | D:12     | Noticed Fannar
 22702 | D:12     | Killed Fannar
 23211 | D:12     | Noticed Psyche
 23219 | D:12     | Killed Psyche
 23362 | Orc:1    | Entered Level 1 of the Orcish Mines
 23895 | Orc:2    | Entered Level 2 of the Orcish Mines
 23968 | Orc:2    | Found Veseziuf's Weapon Shop.
 24461 | Orc:2    | Reached skill level 5 in Stealth
 24510 | Orc:2    | Found a staircase to the Elven Halls.
 24838 | Orc:2    | Found Zudwar's Weapon Emporium.
 24838 | Orc:2    | Found Ypsirar's Weapon Shoppe.
 24842 | Orc:2    | Found Moseaqox's Antique Armour Shoppe.
 24844 | Orc:2    | Found Otintupuo's Jewellery Emporium.
 24851 | Orc:2    | Bought the +7 Singing Sword {vorpal, sonic wave} for 1200
                  | gold pieces
 24851 | Orc:2    | Found the +7 Singing Sword {vorpal, sonic wave}
 25303 | D:13     | Reached skill level 1 in Long Blades
 26035 | D:13     | Found a transporter.
 26285 | D:13     | Found a transporter.
 26288 | D:13     | Found a transporter.
 26292 | D:13     | Found a transporter.
 26398 | D:14     | Found a flickering gateway to a bazaar.
 26419 | Bazaar   | Entered a bazaar
 26440 | Bazaar   | Found Wohoj's Book Emporium.
 26456 | Bazaar   | Found Hiytem's Antique Armour Emporium.
 26472 | Bazaar   | Found Saevvoen's Antique Weapon Emporium.
 26472 | Bazaar   | Found Coysataph's Antique Weapon Shoppe.
 26494 | Bazaar   | Found Paupni's Magic Scroll Emporium.
 26494 | Bazaar   | Found Vudo Igh's Distillery.
 26548 | Bazaar   | Bought a fine battleaxe for 184 gold pieces
 26548 | Bazaar   | Identified the +8 battleaxe of Traps {drain, Stlth+} (You
                  | bought it in a shop in a bazaar)
 26562 | Bazaar   | Bought 2 scrolls of blinking for 105 gold pieces
 26562 | Bazaar   | Bought a scroll of summoning for 66 gold pieces
 26562 | Bazaar   | Bought a scroll of enchant armour for 52 gold pieces
 26562 | Bazaar   | Bought a scroll of enchant weapon for 52 gold pieces
 26562 | Bazaar   | Bought a scroll of enchant weapon for 52 gold pieces
 26571 | Bazaar   | Bought a potion of cancellation for 64 gold pieces
 26571 | Bazaar   | Bought 2 potions of heal wounds for 80 gold pieces
 26571 | Bazaar   | Bought a potion of haste for 80 gold pieces
 26687 | D:14     | Noticed Nessos
 26691 | D:14     | Killed Nessos
 27475 | D:14     | Reached skill level 17 in Ranged Weapons
 27871 | D:14     | Reached XP level 15. HP: 71/138 MP: 10/21
 28131 | D:14     | Found a gate to the Vaults.
 28678 | D:15     | Entered Level 15 of the Dungeon
 28725 | D:15     | Reached skill level 5 in Evocations
 28843 | D:14     | HP: 6/138 [skeletal warrior/+2 short sword of freezing
                  | (14)]
 28843 | D:14     | Slain by a skeletal warrior

Illustrated notes

Levels and vault maps discovered:
D:1:      beargit_arrival_diablo_church, layout_basic,
          shapermc_ecumenical_altar_hornbeckon,
          nicolae_concentric_dashed_squares_mild, chequers_serial_rivers_room_a
D:2:      layout_loops_cross
D:3:      layout_rooms, serial_shops, shop, minmay_puff,
          uniq_crazy_yiuf_cottage, uniq_jessica
D:4:      layout_basic, grunt_temple_overflow_bloody_war,
          eat_drink_and_be_merry_uskayaw, uniq_natasha
D:5:      layout_loops_cross, mainiacjoe_overflow_boulevard,
          cheibrodos_gnoll_hut
D:6:      minmay_goblin_kobold_castle, layout_basic,
          kennysheep_cross_bottleneck, uniq_eustachio, uniq_menkaure
D:7:      layout_gridville, mainiacjoe_overflow_brackets,
          mainiacjoe_overflow_two_lobes, minmay_temple_entry_slanted,
          serial_shops, nicolae_lakefront_shop, shop_statue,
          nicolae_shop_advertising_works [nicolae_subvault_shop_adworks],
          nicolae_square_shop, uniq_maggie, uniq_prince_ribbit1
D:8:      layout_gridville, serial_nicolae_subway, nicolae_sub_station_crystal,
          nicolae_sub_station_metal, nicolae_sub_station_stone
D:9:      layout_roguey, mainiacjoe_overflow_alcove_1, minmay_alternating_orb
D:10:     layout_roguey [special_room_orc], tgw_sif,
          mainiacjoe_overflow_concentric_impassable, enter_bailey_5
D:11:     layout_irregular_city, dpeg_lair_monsters, uniq_josephine
D:12:     layout_gridville, david_orc_2, uniq_nergalle, uniq_psyche, uniq_fannar
D:13:     layout_roguey, nicolae_diode_intersection
D:14:     layout_roguey [special_room_orc], grunt_vaults_entry_tiered,
          nicolae_figureground_pulse, serial_shops, bzr_entry_gold,
          worms_lemuel, uniq_nessos
D:15:     hangedman_depths_entry_try_elsewhere_first, layout_basic,
          elyvilon_altar_3, enter_trove_0
Temple:   nicolae_temple_ecumenical_triangle
Lair:1:   layout_regular_city, serial_bayou_pond_e, dpeg_stationary_puzzle,
          grunt_megastairs_3
Lair:2:   layout_gridlike
Lair:3:   dreamdust_cave_troll, layout_chaotic_city,
          minmay_shoals_entry_lonely_mermaid,
          hellmonk_spider_entry_not_the_bees, beast_lair_carwin_2
Lair:4:   layout_regular_city, minmay_slime_entry_pillars, grunt_megastairs_5
Lair:5:   hellmonk_lair_end_abyssal_woods, layout_misc_corridors, basic_altar,
          nzn_ghost_randoct, st_stairs_10, nzn_sisyphean_effort,
          lemuel_fruit_tree
Orc:1:    layout_caves
Orc:2:    st_orc_mages, layout_caves, serial_shops,
          nicolae_shop_bloodbath_and_beyond

Skill      XL: |  1  2  3  4  5  6  7  8  9 10 11 12 13 14 15 |
---------------+----------------------------------------------+-----
Short Blades   | 3 |  3.0
Armour         | 2 3 4 5 7 |  7.9
Fighting       | 2 3 4 7 10 12 13 14 | 14.0
Ranged Weapons | 2 3 4 6 9 11 13 14 16 17 | 17.4
Axes           | 2 4 6 7 |  7.0
Dodging        | 3 4 6 7 |  7.7
Throwing       | 1 2 3 |  3.0
Evocations     | 2 3 4 5 |  5.0
Stealth        | 1 2 4 6 |  6.0
Spellcasting   | 2 |  2.0
Long Blades    | 3 4 |  4.7

Action                   |  1- 3 |  4- 6 |  7- 9 | 10-12 | 13-15 || total
-------------------------+-------+-------+-------+-------+-------++-------
Melee: Short sword       |   107 |   116 |    12 |       |       ||   235
       Punch             |     2 |     4 |     1 |       |     1 ||     8
       War axe           |       |    44 |    53 |       |       ||    97
       Mace              |       |       |    34 |       |       ||    34
       Shortbow          |       |       |       |     1 |       ||     1
       Double sword      |       |       |       |       |    34 ||    34
       Broad axe         |       |       |       |       |    14 ||    14
       Battleaxe         |       |       |       |       |     5 ||     5
 Fire: Shortbow          |    31 |    56 |   515 |   455 |       ||  1057
       Arbalest          |       |       |       |   372 |   882 ||  1254
Throw: Dart              |       |       |     1 |     1 |       ||     2
       Throwing net      |       |       |     1 |       |       ||     1
Evoke: Wand              |       |       |     7 |     3 |     3 ||    13
  Use: Potion            |     3 |     1 |     2 |     2 |     2 ||    10
       Scroll            |     2 |     1 |    11 |    16 |    18 ||    48
Armor: Leather armour    |     6 |       |       |       |       ||     6
       Ring mail         |    24 |    74 |   250 |    31 |    63 ||   442
       Acid dragon scale |       |       |    35 |   162 |   207 ||   404
Dodge: Dodged            |    43 |    77 |   434 |   348 |   522 ||  1424
       Repelled          |       |       |       |     2 |     3 ||     5
